 Dungeon Crawl Stone Soup version 0.23.2-33-g5129a83184 (webtiles) character file.

Game seed: 18329028684137266373

63 DildoBatman the Conjurer (level 4, -2/30 HPs)
             Began as a Formicid Wizard on July 19, 2019.
             Slain by Crazy Yiuf
             ... wielding a +2 quarterstaff of chaos
              (7 damage)
             ... on level 3 of the Dungeon.
             The game lasted 00:04:35 (1900 turns).

DildoBatman the Conjurer (Formicid Wizard)          Turns: 1900, Time: 00:04:36

Health: -2/30      AC:  2    Str: 12    XL:     4   Next: 31%
Magic:  8/8        EV: 12    Int: 18    God:
Gold:   92         SH:  0    Dex:  9    Spells: 2/9 levels left

rFire    . . .     SeeInvis +   h - +2 dagger (freeze)
rCold    . . .     Gourm    .   (no shield)
rNeg     . . .     Faith    .   a - +0 robe
rPois    .         Spirit   .   (helmet unavailable)
rElec    .         Reflect  .   (no cloak)
rCorr    .         Harm     .   (no gloves)
MR       .....                  (no boots)
Stlth    ++........             (no amulet)
HPRegen  0.10/turn              (no ring)
MPRegen  0.11/turn              (no ring)

@: no status effects
A: permanent stasis, dig shafts and tunnels, four strong arms, antennae 3
a: Dig, Shaft Self


You were on level 3 of the Dungeon.
You were not hungry.

You visited 1 branch of the dungeon, and saw 3 of its levels.

You collected 92 gold pieces.

Inventory:

Hand Weapons
 h - a +2 dagger of freezing (weapon)
Missiles
 c - 20 arrows
 d - 103 stones (quivered)
 j - 21 bolts
Armour
 a - a +0 robe (worn)
Scrolls
 g - a scroll of immolation {unknown}
 i - a scroll of remove curse {unknown}
 k - a scroll of fog {unknown}
 l - 2 scrolls of identify {unknown}
 m - 3 scrolls of teleportation {unknown}
Potions
 b - a potion of brilliance {unknown}
 e - a potion of might {unknown}
 n - a potion of heal wounds {unknown}
Comestibles
 v - 5 rations


   Skills:
 - Level 1.7 Dodging
 - Level 2.4 Stealth
 - Level 3.2 Spellcasting
 * Level 3.4 Conjurations
   Level 1.0 Summonings
   Level 0.8 Translocations


You had 2 spell levels left.
You knew the following spells:

 Your Spells              Type           Power        Failure   Level  Hunger
a - Conjure Flame         Conj/Fire      #.......     24%         3    ###....
c - Magic Dart            Conj           ###.         3%          1    None
e - Mephitic Cloud        Conj/Pois/Air  #.......     30%         3    ###....

Your spell library contained the following spells:

 Spells                   Type           Power        Failure   Level  Hunger
 Call Imp                 Summ           #.......     16%         2    ##.....
 Slow                     Hex            #.......     24%         2    ##.....
 Blink                    Tloc           Unusable     N/A         2    N/A

Dungeon Overview and Level Annotations

Branches:
Dungeon (3/15)

Altars:
Nemelex Xobeh

Annotations:
D:2 exclusion: 4 sensed monsters (detected), Terence
D:3 Crazy Yiuf


Innate Abilities, Weirdness & Mutations

You cannot be hasted, slowed, berserked, paralysed or teleported.
You can dig through walls and to a lower floor.
Your four strong arms can wield two-handed weapons with a shield.
You have a pair of large antennae on your head. (SInv)


Message History

Crazy Yiuf shouts!
Crazy Yiuf whimpers, "Earwax stair action!"
You open the door. You barely miss Crazy Yiuf. Crazy Yiuf barely misses you.
You hit Crazy Yiuf but do no damage.
Crazy Yiuf hits you with a +2 quarterstaff of chaos!
Ouch! That really hurt!
Crazy Yiuf burns you.
You hit Crazy Yiuf. You freeze Crazy Yiuf.
Crazy Yiuf is heavily wounded.
You hit Crazy Yiuf but do no damage.
Crazy Yiuf is heavily wounded.
Crazy Yiuf hits you with a +2 quarterstaff of chaos!
You hit Crazy Yiuf. You freeze Crazy Yiuf.
Crazy Yiuf is severely wounded.
Crazy Yiuf hits you with a +2 quarterstaff of chaos!
You die...

...< ####
#########
........#
#.###.### #.#
#..##### ### #.#
##.....## ###..)#
#.#
#......####@g...#
#.#
##......#..##...#
#.# ##....#.###
### #.# ########
#.#


You could see Crazy Yiuf.

Vanquished Creatures
  An adder (D:2)
  A worm (D:2)
  2 leopard geckos
  A ball python (D:1)
  5 bats
  3 giant cockroaches (D:1)
  6 goblins
  11 hobgoblins
  4 jackals (D:1)
  3 frilled lizards (D:2)
  4 kobolds (D:1)
41 creatures vanquished.

Notes
Turn   | Place    | Note
-------+----------+-------------------------------------------
     0 | D:1      | DildoBatman the Formicid Wizard began the quest for the
                  | Orb.
     0 | D:1      | Reached XP level 1. HP: 13/13 MP: 4/4
    19 | D:1      | Reached skill level 1 in Conjurations
   184 | D:1      | Reached XP level 2. HP: 16/19 MP: 0/6
   608 | D:1      | Reached XP level 3. HP: 24/24 MP: 0/7
   613 | D:1      | Learned a level 3 spell: Conjure Flame
   617 | D:1      | Learned a level 3 spell: Mephitic Cloud
  1048 | D:2      | Found a sparkling altar of Nemelex Xobeh.
  1221 | D:2      | Noticed Terence
  1389 | D:2      | Reached XP level 4. HP: 19/30 MP: 3/8
  1891 | D:3      | Found a runed translucent door.
  1892 | D:3      | Noticed Crazy Yiuf
  1900 | D:3      | Slain by Crazy Yiuf

Skill      XL: |  1  2  3 |
---------------+----------+-----
Conjurations   | 1 2 3 |  3.4
Dodging        | |  1.7
Stealth        | |  2.4
Spellcasting   | |  3.2
Summonings     | |  1.0
Translocations | |  0.8

Action                   |  1- 3 |  4- 6 || total
-------------------------+-------+-------++-------
Melee: Club              |     9 |       ||     9
       Unarmed           |     1 |       ||     1
       Dagger            |    17 |     5 ||    22
 Cast: Magic Dart        |    78 |    18 ||    96
  Eat: Chunk             |     1 |     2 ||     3
Armor: Robe              |     9 |     1 ||    10
Dodge: Dodged            |    24 |     1 ||    25
